 Dungeon Crawl Stone Soup version 0.27.1-33-g824d729ab1 (webtiles) character file.

Game seed: 16559644843525974421

207148 jlumianski the Unseen (level 18, -14/169 HPs)
             Began as a Gnoll Monk on Dec 22, 2021.
             Was the Champion of Hepliaklqana.
             Demolished by an alligator (33 damage)
             ... called by a spriggan druid
             ... on level 3 of the Swamp on Dec 23, 2021.
             The game lasted 05:44:39 (47644 turns).

jlumianski the Unseen (Gnoll Monk)                 Turns: 47644, Time: 05:44:39

Health: -14/169    AC: 23    Str: 18    XL:     18   Next: 74%
Magic:  25/34      EV: 20    Int: 12    God:    Hepliaklqana [******]
Gold:   26         SH:  5    Dex: 16    Spells: 3/41 levels left

rFire    + . .     SeeInvis .   b - +6 lajatang (spect)
rCold    + . .     Faith    .   (shield currently unavailable)
rNeg     + . .     Spirit   .   (armour currently unavailable)
rPois    ∞         Reflect  +   m - +2 hat
rElec    +         Harm     .   i - scarf {rC+ rF+}
rCorr    .         Rampage  .   (gloves currently unavailable)
Will     ++...                  (boots currently unavailable)
Stlth    ++++++....             o - amulet "Veuryps" {Reflect Str+3 SH+5}
HPRegen  0.38/turn              S - ring of poison resistance
MPRegen  0.24/turn              a - ring of willpower

@: statue-form, corroded, studying 5 skills, very slow
A: slow and powerful, torment resistance 1, boosted hp, reduced essence, fangs
1, strong nose, distributed training
}: 1/15 runes: serpentine
a: End Transformation, Renounce Religion, Recall Ancestor, Ancestor Identity,
Transference, Idealise


You were on level 3 of the Swamp.
You worshipped Hepliaklqana.
Hepliaklqana was exalted by your worship.
You were a living statue of rough stone.
You visited 6 branches of the dungeon, and saw 29 of its levels.

You collected 3077 gold pieces.
You spent 3051 gold pieces at shops.

Inventory:

Hand Weapons
 b - a +6 spectral lajatang (weapon)
 r - the +5 war axe of Gytank {vamp, rCorr Str-3 Int+5}
   (You bought it in a shop on level 2 of the Orcish Mines)

   It occasionally heals its wielder for a portion of the damage dealt when it
   wounds a living foe.
   Str:       It affects your strength (-3).
   Int:       It affects your intelligence (+5).
   rCorr:     It protects you from acid and corrosion.
 B - the +11 spear "Lorem Ipsum" {vorpal, rElec rC+ rN+}
   (You found it on level 6 of the Lair of Beasts)

   It inflicts extra damage upon your enemies.
   rC:        It protects you from cold.
   rElec:     It insulates you from electricity.
   rN:        It protects you from negative energy.
 P - the +5 rapier "Tiakeir" {freeze, rN+ Str+2}
   (You found it on level 13 of the Dungeon)

   It freezes those it strikes, dealing additional cold damage.
   It can also slow down cold-blooded creatures.
   Str:       It affects your strength (+2).
   rN:        It protects you from negative energy.
 W - the +10 dark maul {vorpal}
   (You took it off a two-headed ogre on level 11 of the Dungeon)

   It inflicts extra damage upon your enemies.
Missiles
 v - 34 boomerangs (quivered)
 Q - a throwing net
 U - 3 curare-tipped darts
 X - 5 boomerangs of dispersal
Armour
 c - a +2 pair of gloves (melded)
 f - the +5 ring mail of the Unbroken (melded) {Int+5}
   (You found it on level 11 of the Dungeon)

   Int:       It affects your intelligence (+5).
 i - a scarf of resistance (worn)
 m - a +2 hat (worn)
 Y - a +2 pair of boots (melded)
Magical Staves
 H - a staff of cold
Jewellery
 a - a ring of willpower (right fist)
 o - the amulet "Veuryps" (around neck) {Reflect Str+3 SH+5}
   (You acquired it on level 3 of the Dungeon)

   [amulet of reflection]

   It reflects blocked missile attacks.
   Str:       It affects your strength (+3).
   SH:        It affects your SH (+5).
 G - a ring of positive energy
 O - a ring of fire
 S - a ring of poison resistance (left fist)
 Z - a ring of flight
Wands
 g - a wand of digging (8)
 t - a wand of acid (4)
 C - a wand of iceblast (18)
 L - a wand of paralysis (10)
 M - a wand of charming (5)
 R - a wand of mindburst (3)
Scrolls
 d - a scroll of enchant armour
 h - a scroll of silence
 k - 10 scrolls of identify
 n - 2 scrolls of blinking
 A - a scroll of summoning
 E - a scroll of holy word
 J - a scroll of fog
 K - a scroll of magic mapping
 N - 4 scrolls of fear
 T - 5 scrolls of teleportation
Potions
 e - 3 potions of haste
 j - 2 potions of berserk rage
 s - a potion of ambrosia
 u - 4 potions of invisibility
 x - 4 potions of might
 z - 2 potions of cancellation
 V - 2 potions of curing
Miscellaneous
 y - a lightning rod (4/4)
 D - a tin of tremorstones (2/2)


   Skills:
 + Level 13.7 Fighting
 + Level 12.3 Short Blades
 + Level 12.4 Long Blades
 + Level 13.7 Axes
 + Level 12.3 Maces & Flails
 + Level 12.3 Polearms
 + Level 12.3 Staves
 + Level 12.3 Slings
 + Level 12.3 Bows
 + Level 15.0 Crossbows
 + Level 12.3 Throwing
 + Level 12.3 Armour
 + Level 13.7 Dodging
 + Level 16.8 Stealth
 + Level 12.3 Shields
 + Level 15.0 Unarmed Combat
 + Level 12.3 Spellcasting
 + Level 10.6 Conjurations
 + Level 10.6 Hexes
 + Level 10.6 Summonings
 + Level 10.6 Necromancy
 + Level 10.6 Translocations
 + Level 10.6 Transmutations
 + Level 10.6 Fire Magic
 + Level 10.6 Ice Magic
 + Level 10.6 Air Magic
 + Level 10.6 Earth Magic
 + Level 10.6 Poison Magic
 + Level 13.3 Invocations
 + Level 12.3 Evocations


You had 3 spell levels left.
You knew the following spells:

 Your Spells              Type           Power      Damage    Failure   Level
a - Sting                 Tmut/Pois      100%       1d8       1%          1
b - Pain                  Necr           100%       1d9       1%          1
c - Ensorcelled Hibernat  Hex/Ice        64%        N/A       1%          2
d - Call Canine Familiar  Summ           32%        N/A       1%          3
e - Summon Guardian Gole  Hex/Summ       32%        N/A       1%          3
f - Passwall              Tmut/Erth      26%        N/A       1%          2
g - Summon Ice Beast      Ice/Summ       32%        N/A       1%          4
h - Hailstorm             Conj/Ice       32%        3d8       1%          4
i - Inner Flame           Hex/Fire       32%        N/A       1%          3
j - Cause Fear            Hex            16%        N/A       1%          4
k - Freezing Cloud        Conj/Ice/Air   16%        6-21      3%          5
l - Statue Form           Tmut/Erth      21%        N/A       19%         6

Your spell library contained the following spells:

 Spells                   Type           Power      Damage    Failure   Level
 Animate Skeleton         Necr           64%        N/A       1%          1
 Freeze                   Ice            100%       1d11      1%          1
 Sandblast                Erth           64%        2d14      1%          1
 Summon Small Mammal      Summ           100%       N/A       1%          1
 Corpse Rot               Necr/Air       N/A        N/A       1%          2
 Poisonous Vapours        Pois/Air       64%        N/A       1%          2
 Frozen Ramparts          Ice            64%        1d8       1%          3
 Gell's Gravitas          Tloc           16%        N/A       1%          3
 Lesser Beckoning         Tloc           16%        N/A       1%          3
 Spider Form              Tmut/Pois      16%        N/A       1%          3
 Stone Arrow              Conj/Erth      64%        3d11      1%          3
 Teleport Other           Tloc           32%        N/A       1%          3
 Vampiric Draining        Necr           16%        2d8       1%          3
 Animate Armour           Summ/Erth      64%        N/A       1%          4
 Animate Dead             Necr           16%        N/A       1%          4
 Petrify                  Tmut/Erth      32%        N/A       1%          4
 Agony                    Necr           32%        N/A       3%          5
 Excruciating Wounds      Necr           16%        N/A       3%          5
 Lee's Rapid Deconstruct  Erth           16%        3d11*     3%          5
 Metabolic Englaciation   Hex/Ice        16%        N/A       3%          5
 Summon Mana Viper        Hex/Summ       32%        N/A       3%          5
 Shadow Creatures         Summ           N/A        N/A       19%         6
 Haunt                    Necr/Summ      16%        N/A       71%         7
 Monstrous Menagerie      Summ           16%        N/A       71%         7
 Orb of Destruction       Conj           16%        9d7       71%         7
 Spellforged Servitor     Conj/Summ      16%        N/A       71%         7
 Discord                  Hex            16%        N/A       100%        8
 Infestation              Necr           16%        N/A       100%        8
 Lehudib's Crystal Spear  Conj/Erth      16%        10d5      100%        8
 Necromutation            Tmut/Necr      16%        N/A       100%        8


Dungeon Overview and Level Annotations

Branches:
Dungeon (13/15)            Temple (1/1) D:6            Lair (6/6) D:10
  Swamp (3/4) Lair:2        Snake (4/4) Lair:3        Slime (0/5) Lair:5
    Orc (2/2) D:11            Elf (0/3) Orc:2
 Vaults: D:13-14

Altars:
Ashenzari
Cheibriados
Dithmenos
Elyvilon
Fedhas
Gozag
Hepliaklqana
Kikubaaqudgha
Makhleb
Nemelex Xobeh
Okawaru
Qazlal
Ru
Sif Muna
Trog
Uskayaw
Vehumet
Wu Jian
Xom
Yredelemnul
Zin
The Shining One

Shops:
D:2 [   D:7 =   D:10 **   D:11 ?   Orc:1 [   Orc:2 !(:(   Snake:1 [   Snake:4 :

Portals:
Hell: Lair:6

Annotations:
D:13 Frances


Innate Abilities, Weirdness & Mutations

You are a living statue of rough stone.
Your actions are slow, but your melee attacks are powerful.
You are resistant to unholy torment.
Your maximum health is greatly increased.
You are immune to poison.
Your equipment is partially melded.
Your life essence is reduced to manifest your ancestor. (-10% HP)
You have very sharp teeth.
Your uncanny sense of smell can sniff out nearby items.
Your experience applies equally to all skills.


Message History

The tyrant leech is severely wounded.
Your +6 spectral lajatang closely misses the tyrant leech.
The goliath frog closely misses you.
The tyrant leech is engulfed in a cloud of scalding steam.
You block the tyrant leech's attack.
You slice the tyrant leech!!
You kill the tyrant leech!
The goliath frog hits you from afar!! The acid corrodes you!
You are splashed with acid!
* * * LOW HITPOINT WARNING * * *
Casting: Statue Form (dangerous; 21% risk of failure)
Confirm with . or Enter, or press ? or * to list all spells.
Casting: Hailstorm (mildly dangerous; 1% risk of failure)
Press: ? - help, Dir - look around, f - activate A cannonade of hail descends around you!
The hail pelts the goliath frog!
The goliath frog is moderately wounded.
The hail pelts the alligator!
The alligator is lightly wounded.
You block the goliath frog's attack.
Casting: Hailstorm (mildly dangerous; 1% risk of failure)
Confirm with . or Enter, or press ? or * to list all spells.
You turn into a living statue of rough stone.
Your +2 pair of gloves melds into your body.
Your +2 pair of boots melds into your body.
The +5 ring mail of the Unbroken {Int+5} melds into your body.
Audrea points at the goliath frog and mumbles some strange words.
The stone arrow misses the goliath frog.
The goliath frog hits you from afar!!
* * * LOW HITPOINT WARNING * * *
The acid corrodes you!
You are splashed with acid.
* * * LOW HITPOINT WARNING * * *
You block the alligator's attack.
The alligator tail-slaps you but does no damage.
You feel better.
Audrea casts a spell at the goliath frog.
The stone arrow hits the goliath frog!!
The goliath frog hits Audrea from afar!
Audrea is splashed with acid!
The acid corrodes Audrea!
The alligator bites you!!
You die...

♣≈≈..≈♣≈. .. ♣.≈.♣♣≈♣♣♣.≈.♣
∆♣≈≈≈w≈≈. ♣.♣♣ ♣♣≈≈≈≈♣♣♣♣.♣.♣♣
♣.≈≈..≈. ♣.≈♣♣♣≈.≈≈≈..≈≈...♣♣
♣.≈≈≈≈.♣ ♣♣≈♣..≈≈≈§≈≈♣≈..≈...
♣♣.≈♣≈≈≈♣♣♣♣...≈≈...≈♣≈♣≈.≈§..♣
♣>≈≈)≈.†.....≈≈≈§<..≈.≈≈♣.≈≈..≈
≈≈≈.≈≈≈.♣♣♣.≈..≈≈..♣♣♣....♣♣♣♣♣
≈≈≈≈≈≈≈<♣♣≈≈≈§t≈≈≈♣♣ ♣♣♣♣♣♣ ♣≈
≈≈.$.♣≈≈..≈≈§≈8R.♣♣ ♣♣
≈...≈.≈.≈≈...≈.≈.♣ ♣
≈≈♣≈≈≈♣≈.≈≈§.≈§F.♣
≈.≈.≈.≈§≈≈≈≈....♣♣ ♣
≈.≈...≈≈.♣≈..♣..♣
.≈≈≈≈.≈≈..≈≈.(≈≈♣
≈≈≈≈≈...♣♣.≈...≈≈♣
≈≈§≈≈...♣♣≈≈.≈§.♣♣ ∆ ≈♣.♣.
♣♣≈.≈≈≈♣


You could see the friendly Audrea the battlemage (corroded), an alligator
(strong, swift) and a goliath frog (strong, ally target).

Vanquished Creatures
  Mara (Snake:2)
  Vashnia (Snake:2)
  A tentacled monstrosity (Swamp:1)
  7 nagarajas (Snake:4)
  Donald (Snake:3)
  Louise (Swamp:2)
  A ghoul (Swamp:1)
  The ghost of BiteMe the Marksminotaur, a journeyman MiAK of Lugonu (Swamp:1)
  A dire elephant (Lair:6)
  2 bunyips
  2 eleionomae (Swamp:2)
  The ghost of boopmooplesden the Blocker, a journeyman MiFi of Okawaru (D:10)
  6 naga warriors
  2 ghost crabs
  2 hydras
  3 boulder beetles
  A catoblepas (Lair:6)
  A salamander tyrant (Snake:2)
  4 anacondas
  A centaur warrior (D:12)
  2 two-headed ogres
  2 alligators
  12 naga sharpshooters
  2 orc high priests (Orc:2)
  A death yak (Lair:6)
  3 shock serpents
  A sun demon (Lair:6)
  6 sea snakes (Snake:4)
  A spriggan druid (Swamp:2)
  2 goliath frogs (Swamp:1)
  A bog body (Lair:2)
  4 naga ritualists
  The ghost of Violens the Covered, a novice MiFi (D:8)
  A deep elf pyromancer (Orc:2)
  11 mana vipers
  A deep elf zephyrmancer (Orc:2)
  2 orc knights
  2 cyclopes
  6 salamanders
  A centaur zombie (D:11)
  A will-o-the-wisp (Swamp:3)
  Joseph (D:7)
  3 guardian serpents
  7 naga magi
  2 elephants (Lair:6)
  21 black mambas
  A gargoyle (D:7)
  7 cane toads
  Maggie (D:6)
  6 rime drakes
  An efreet (D:12)
  A komodo dragon (Lair:5)
  A hellwing (Lair:6)
  An ice devil (Lair:6)
  A red devil (Lair:6)
  2 trolls
  7 hornets
  A bloated husk (Swamp:1)
  Grinder (D:5)
  A polar bear (Lair:2)
  2 tyrant leeches
  Prince Ribbit (D:6)
  7 blink frogs
  2 meliai zombies
  A wraith (D:12)
  19 yaks
  10 spriggans
  A vampire (D:10)
  A centaur simulacrum (D:10)
  A wyvern (Lair:3)
  A vampire mosquito (D:7)
  A warg (Orc:2)
  20 nagas
  4 swamp worms
  13 water moccasins
  A hell hound (Lair:6)
  A battlemage (Snake:4)
  10 orc warriors
  A swamp drake (Swamp:3)
  3 black bears
  2 sky beasts
  4 ogres
  2 ice beasts
  3 boggarts (Lair:3)
  22 wolves
  11 centaurs
  3 phantoms
  2 kobold brigands
  A nameless horror (D:10)
  5 bullfrogs
  A wyvern zombie (D:5)
  2 scorpions
  A water moccasin zombie (D:5)
  A water moccasin skeleton (D:5)
  6 howler monkeys
  8 wights
  3 electric eels
  2 jellies
  8 orc priests
  5 hounds
  2 centaur skeletons
  2 iguanas (D:5)
  7 hell rats
  17 orc wizards
  A killer bee zombie (D:8)
  A hound zombie (D:5)
  A hound skeleton (D:4)
  A mummy (D:10)
  3 gnolls (D:2)
  5 adders
  A shadow imp (D:7)
  A white imp (D:5)
  An ufetubus (D:5)
  2 adder skeletons
  3 worms
  A dart slug (D:2)
  55 orcs
  5 ball pythons
  8 bats
  5 endoplasms
  2 giant cockroaches
  14 goblins
  14 hobgoblins
  11 jackals
  A quokka (D:2)
  3 frilled lizards
  18 kobolds
  10 rats
  A spectral goblin (D:1)
557 creatures vanquished.

Vanquished Creatures (collateral kills)
  6 nagarajas (Snake:4)
  A bunyip (Swamp:1)
  An eleionoma (Swamp:3)
  Snorg (Lair:3)
  Erolcha (D:11)
  6 hydras
  2 salamander tyrants
  Harold (D:7)
  A boulder beetle (D:12)
  9 naga warriors
  An ogre mage (D:12)
  Erica (D:8)
  6 two-headed ogres
  5 anacondas
  An orc high priest (Orc:2)
  A naga sharpshooter (Snake:4)
  Nergalle (D:10)
  2 shock serpents
  A goliath frog (Swamp:2)
  A spriggan druid (Swamp:3)
  2 sea snakes (Snake:4)
  A salamander mystic (Snake:2)
  6 naga ritualists
  A swamp dragon (Swamp:1)
  3 bog bodies
  4 deep elf pyromancers
  2 wizards
  3 orc knights
  2 manticores (D:12)
  3 orc sorcerers (Orc:2)
  2 oklob plants (Lair:1)
  9 mana vipers
  7 salamanders
  A will-o-the-wisp (Swamp:1)
  4 cyclopes
  5 deep elf zephyrmancers
  4 elephants (Lair:6)
  17 black mambas
  7 naga magi
  3 guardian serpents (Snake:4)
  A moth of wrath (D:8)
  2 gargoyles
  An orange demon (Lair:6)
  6 cane toads
  Psyche (D:12)
  2 unseen horrors
  2 rime drakes
  7 komodo dragons
  2 ice devils (Lair:6)
  4 polar bears
  A red devil (Lair:6)
  5 trolls
  A hornet (Lair:3)
  2 tyrant leeches
  3 slime creatures (Lair:5)
  9 blink frogs
  7 spriggans
  3 shadows
  A wraith (D:12)
  2 wyverns
  18 yaks
  A basilisk (Lair:6)
  2 vampire mosquitoes (D:10)
  19 nagas
  5 swamp worms
  A warg (Orc:2)
  10 water moccasins
  3 hell hounds (Lair:6)
  An ice beast (D:8)
  10 orc warriors
  6 ogres
  A necrophage (D:8)
  A swamp drake (Lair:2)
  19 wolves
  A centaur (D:13)
  11 bullfrogs
  3 howler monkeys (D:9)
  2 electric eels
  3 centaur zombies
  6 orc priests
  14 orc wizards
  5 hell rats
  35 orcs
  A hobgoblin (Orc:1)
  3 kobolds (D:9)
378 creatures vanquished.

Vanquished Creatures (others)
  Saint Roka (Orc:2)
  Gastronok (D:12)
  A hydra (Swamp:1)
  2 two-headed ogres
  A death drake (Swamp:1)
  An orc knight (Orc:2)
  A will-o-the-wisp (Swamp:1)
  An ugly thing (D:11)
  A deep elf zephyrmancer (D:12)
  A gargoyle (D:11)
  2 trolls (D:12)
  4 yaks
  An acid dragon (D:12)
  5 orc warriors
  2 centaurs
  2 electric eels (D:12)
  An orc priest (D:12)
  65 battlemagi
  2 orc wizards (D:9)
  2 orcs
  A hobgoblin (Orc:1)
  22 foxfires (Swamp:1)
  49 fungi
  156 plants
325 creatures vanquished.

Grand Total: 1260 creatures vanquished

Notes
Turn   | Place    | Note
-------+----------+-------------------------------------------
     0 | D:1      | jlumianski the Gnoll Monk began the quest for the Orb.
     0 | D:1      | Reached XP level 1. HP: 23/23 MP: 1/1
   123 | D:1      | Reached XP level 2. HP: 24/29 MP: 2/2
   283 | D:1      | You fall into a shaft and drop 1 floor!
   493 | D:1      | Reached XP level 3. HP: 24/35 MP: 3/3
  1007 | D:1      | Found a faded altar of an unknown god.
  1140 | D:2      | Reached skill level 1 in Invocations
  1247 | D:2      | Found Yredaghe's Armour Shoppe.
  1255 | D:2      | Bought a +0 chain mail for 49 gold pieces
  1472 | D:2      | Reached skill level 1 in Short Blades
  1472 | D:2      | Reached skill level 1 in Long Blades
  1472 | D:2      | Reached skill level 1 in Maces & Flails
  1472 | D:2      | Reached skill level 1 in Polearms
  1472 | D:2      | Reached skill level 1 in Staves
  1472 | D:2      | Reached skill level 1 in Slings
  1472 | D:2      | Reached skill level 1 in Bows
  1472 | D:2      | Reached skill level 1 in Crossbows
  1472 | D:2      | Reached skill level 1 in Throwing
  1472 | D:2      | Reached skill level 1 in Armour
  1472 | D:2      | Reached skill level 1 in Shields
  1472 | D:2      | Reached skill level 1 in Unarmed Combat
  1472 | D:2      | Reached skill level 1 in Spellcasting
  1472 | D:2      | Reached skill level 1 in Evocations
  1494 | D:2      | Reached XP level 4. HP: 37/41 MP: 5/5
  2404 | D:2      | Reached skill level 1 in Conjurations
  2404 | D:2      | Reached skill level 1 in Hexes
  2404 | D:2      | Reached skill level 1 in Summonings
  2404 | D:2      | Reached skill level 1 in Necromancy
  2404 | D:2      | Reached skill level 1 in Translocations
  2404 | D:2      | Reached skill level 1 in Transmutations
  2404 | D:2      | Reached skill level 1 in Fire Magic
  2404 | D:2      | Reached skill level 1 in Ice Magic
  2404 | D:2      | Reached skill level 1 in Air Magic
  2404 | D:2      | Reached skill level 1 in Earth Magic
  2404 | D:2      | Reached skill level 1 in Poison Magic
  2896 | D:3      | Reached XP level 5. HP: 47/47 MP: 5/7
  3239 | D:3      | Found a shadowy altar of Dithmenos.
  3902 | D:4      | Reached XP level 6. HP: 46/53 MP: 8/8
  4058 | D:3      | Identified a scroll of acquirement
  4058 | D:3      | Acquired the amulet "Veuryps" {Reflect Str+3 SH+5}
  4120 | D:2      | Bought a +0 buckler of protection for 126 gold pieces
  4556 | D:5      | Entered Level 5 of the Dungeon
  4822 | D:5      | Reached XP level 7. HP: 34/59 MP: 10/10
  4964 | D:5      | Noticed Grinder
  4972 | D:5      | Paralysed by Grinder for 4 turns
  4989 | D:5      | Paralysed by Grinder for 4 turns
  5015 | D:5      | Paralysed by Grinder for 6 turns
  5247 | D:5      | Killed Grinder
  5248 | D:5      | Reached skill level 5 in Stealth
  5394 | D:5      | Noticed a troll
  5429 | D:4      | Killed a troll
  5430 | D:4      | Reached XP level 8. HP: 41/67 MP: 12/12
  6132 | D:6      | Identified the +5 ring mail of Gauqu {rC+ Dex+3}
  6290 | D:6      | Identified the +6 falchion of Circular Logic {vorpal, rC+++
                  | Dex-3}
  6297 | D:6      | Got Miwysou's Incunabulum of Ghastly Moulding
  6301 | D:6      | Learned a level 1 spell: Sting
  6348 | D:6      | Reached skill level 6 in Stealth
  6348 | D:6      | Reached XP level 9. HP: 65/72 MP: 14/14
  6491 | D:6      | Found a staircase to the Ecumenical Temple.
  6501 | Temple   | Entered the Ecumenical Temple
  6823 | D:6      | Identified the +3 ring mail of Vehumet's Esteem {*Corrode
                  | rElec Regen+}
  6832 | D:6      | Noticed Prince Ribbit
  6847 | D:6      | Killed Prince Ribbit
  7284 | D:6      | Noticed Maggie
  7320 | D:6      | Killed Maggie
  7845 | D:7      | Reached skill level 7 in Stealth
  7845 | D:7      | Reached skill level 5 in Invocations
  8141 | D:7      | Reached XP level 10. HP: 80/80 MP: 15/17
  8156 | D:7      | Noticed a gargoyle
  8176 | D:7      | Killed a gargoyle
  8177 | D:7      | Reached skill level 5 in Short Blades
  8177 | D:7      | Reached skill level 5 in Long Blades
  8177 | D:7      | Reached skill level 5 in Maces & Flails
  8177 | D:7      | Reached skill level 5 in Polearms
  8177 | D:7      | Reached skill level 5 in Staves
  8177 | D:7      | Reached skill level 5 in Slings
  8177 | D:7      | Reached skill level 5 in Bows
  8177 | D:7      | Reached skill level 5 in Crossbows
  8177 | D:7      | Reached skill level 5 in Throwing
  8177 | D:7      | Reached skill level 5 in Armour
  8177 | D:7      | Reached skill level 5 in Shields
  8177 | D:7      | Reached skill level 5 in Unarmed Combat
  8177 | D:7      | Reached skill level 5 in Spellcasting
  8177 | D:7      | Reached skill level 5 in Evocations
  8219 | D:6      | Learned a level 1 spell: Pain
  8680 | D:7      | Noticed Joseph
  8710 | D:7      | Killed Joseph
  9267 | D:7      | Found Diptun's Jewellery Emporium.
  9399 | D:7      | Reached skill level 8 in Stealth
  9525 | D:7      | Noticed Harold
  9613 | D:8      | Found a hazy altar of Hepliaklqana.
  9732 | D:8      | Became a worshipper of Hepliaklqana the Forgotten
  9732 | D:8      | Reached * piety under Hepliaklqana
  9732 | D:8      | Reached ** piety under Hepliaklqana
  9733 | D:8      | Remembered your ancestor Audrea as a battlemage
  9866 | D:8      | Noticed a two-headed ogre
  9941 | D:7      | Killed a two-headed ogre
 10014 | D:7      | Killed Harold
 10160 | D:8      | Reached XP level 11. HP: 76/77 MP: 15/19
 10200 | D:8      | Noticed Violens's ghost (novice MiFi)
 10210 | D:8      | Found a transporter.
 10217 | D:8      | Learned a level 2 spell: Ensorcelled Hibernation
 10246 | D:8      | Found a transporter.
 10254 | D:8      | Noticed a moth of wrath
 10454 | D:8      | Found a snail-covered altar of Cheibriados.
 10454 | D:8      | Found a shimmering altar of Xom.
 10454 | D:8      | Found a hide-covered altar of Uskayaw.
 10454 | D:8      | Found a sacrificial altar of Ru.
 10461 | D:8      | Found a white marble altar of Elyvilon.
 10468 | D:8      | Found an ornate altar of the Wu Jian Council.
 10504 | D:8      | Found a blossoming altar of Fedhas.
 10708 | D:8      | Killed Violens's ghost
 10709 | D:8      | Reached skill level 9 in Stealth
 10806 | D:8      | Killed a moth of wrath
 10807 | D:8      | Reached skill level 5 in Conjurations
 10807 | D:8      | Reached skill level 5 in Hexes
 10807 | D:8      | Reached skill level 5 in Summonings
 10807 | D:8      | Reached skill level 5 in Necromancy
 10807 | D:8      | Reached skill level 5 in Translocations
 10807 | D:8      | Reached skill level 5 in Transmutations
 10807 | D:8      | Reached skill level 5 in Fire Magic
 10807 | D:8      | Reached skill level 5 in Ice Magic
 10807 | D:8      | Reached skill level 5 in Air Magic
 10807 | D:8      | Reached skill level 5 in Earth Magic
 10807 | D:8      | Reached skill level 5 in Poison Magic
 10850 | D:9      | Noticed Erica
 11022 | D:8      | Killed Erica
 11161 | D:9      | Learned a level 3 spell: Call Canine Familiar
 11165 | D:9      | Learned a level 3 spell: Summon Guardian Golem
 11978 | D:10     | Entered Level 10 of the Dungeon
 11978 | D:10     | Reached *** piety under Hepliaklqana
 11978 | D:10     | Found Pawnesko's Practical Paraphernalia.
 12057 | D:10     | Found a transporter.
 12063 | D:10     | Noticed boopmooplesden's ghost (journeyman MiFi)
 12083 | D:10     | Noticed Nergalle
 12110 | D:10     | Killed Nergalle
 12267 | D:10     | Found a transporter.
 12337 | D:10     | Found Pabantut's Assorted Antiques.
 12345 | D:10     | Bought a scroll of identify for 62 gold pieces
 12899 | D:10     | Found a staircase to the Lair.
 13050 | D:11     | Noticed a boulder beetle
 13080 | D:11     | Killed a boulder beetle
 13081 | D:11     | Reached skill level 10 in Stealth
 13091 | D:11     | Reached XP level 12. HP: 29/86 MP: 15/22
 13214 | D:10     | Killed boopmooplesden's ghost
 13236 | D:10     | Identified the +7 broad axe "Zoilein" {vorpal, *Corrode Fly
                  | rC++ Stlth+}
 13375 | D:11     | Noticed Erolcha
 13390 | D:11     | Killed Erolcha
 13428 | D:11     | Identified the +5 ring mail of the Unbroken {Int+5}
 13554 | D:11     | Noticed a two-headed ogre
 13566 | D:11     | Killed a two-headed ogre
 13606 | D:11     | Noticed a two-headed ogre
 13616 | D:11     | Killed a two-headed ogre
 13676 | D:11     | Noticed a two-headed ogre
 13688 | D:11     | Killed a two-headed ogre
 13890 | D:11     | Reached **** piety under Hepliaklqana
 13930 | D:11     | Found Bimosuku's Magic Scroll Shop.
 13966 | D:11     | Found a staircase to the Orcish Mines.
 13998 | D:11     | Bought a scroll of teleportation for 30 gold pieces
 13998 | D:11     | Bought a scroll of teleportation for 30 gold pieces
 13998 | D:11     | Bought a scroll of enchant armour for 75 gold pieces
 13998 | D:11     | Bought a scroll of enchant armour for 75 gold pieces
 14266 | D:12     | Reached skill level 10 in Fighting
 14266 | D:12     | Reached skill level 10 in Axes
 14266 | D:12     | Reached skill level 10 in Dodging
 14350 | D:12     | Noticed Gastronok
 14378 | D:12     | Killed Gastronok
 14379 | D:12     | Reached skill level 11 in Stealth
 14591 | D:12     | Noticed a centaur warrior
 14602 | D:12     | Killed a centaur warrior
 14639 | D:12     | Reached XP level 13. HP: 87/92 MP: 14/24
 15714 | D:12     | Learned a level 2 spell: Passwall
 15784 | D:12     | Noticed Psyche
 15799 | D:12     | Killed Psyche
 16205 | D:12     | Reached ***** piety under Hepliaklqana
 17207 | D:13     | Identified the +5 rapier "Tiakeir" {freeze, rN+ Str+2}
 17423 | D:13     | Learned a level 4 spell: Summon Ice Beast
 17443 | D:13     | Noticed Frances
 17460 | D:13     | HP: 3/93 [red devil[Frances] (2)]
 17894 | Orc:1    | Entered Level 1 of the Orcish Mines
 18116 | Orc:1    | Reached skill level 12 in Stealth
 18376 | D:11     | Learned a level 4 spell: Hailstorm
 18553 | D:11     | Bought a scroll of fear for 35 gold pieces
 18553 | D:11     | Bought a scroll of amnesia for 35 gold pieces
 19417 | Orc:1    | Found Valedd's Antique Armour Boutique.
 19433 | Orc:1    | Bought a pair of embroidered boots for 247 gold pieces
 20206 | Orc:2    | Entered Level 2 of the Orcish Mines
 20317 | Orc:2    | Found a staircase to the Elven Halls.
 20649 | Orc:2    | Reached XP level 14. HP: 99/99 MP: 26/26
 20944 | Orc:2    | Noticed Saint Roka
 20957 | Orc:2    | HP: 2/101 [something/magic dart (4)]
 22394 | Orc:2    | Killed Saint Roka
 23483 | Orc:2    | Reached skill level 10 in Invocations
 23550 | Orc:2    | Reached skill level 10 in Crossbows
 23550 | Orc:2    | Reached skill level 10 in Unarmed Combat
 24091 | Orc:2    | Found Julijie's Antique Weapon Shoppe.
 24091 | Orc:2    | Found Saixeora's Distillery.
 24093 | Orc:2    | Found Quifei's Antique Weapon Shoppe.
 24093 | Orc:2    | Found Cismy's Book Shop.
 24105 | Orc:2    | Bought a potion of heal wounds for 50 gold pieces
 24105 | Orc:2    | Bought a potion of berserk rage for 50 gold pieces
 24105 | Orc:2    | Bought a potion of berserk rage for 50 gold pieces
 24114 | Orc:2    | Bought a brightly glowing war axe for 229 gold pieces
 24114 | Orc:2    | Identified the +5 war axe of Gytank {vamp, rCorr Str-3
                  | Int+5} (You bought it in a shop on level 2 of the Orcish
                  | Mines)
 24119 | Orc:2    | Bought a book of Hexes for 468 gold pieces
 24298 | Lair:1   | Entered Level 1 of the Lair of Beasts
 24368 | Lair:1   | Reached skill level 13 in Stealth
 24447 | Lair:1   | Learned a level 3 spell: Inner Flame
 26196 | Lair:2   | Found a staircase to the Swamp.
 26412 | Lair:3   | Identified the +7 plate armour of Gaon {rPois}
 26444 | Lair:3   | Reached XP level 15. HP: 107/107 MP: 28/28
 26452 | Lair:3   | Noticed Snorg
 26463 | Lair:3   | Killed Snorg
 26589 | Lair:3   | Reached ****** piety under Hepliaklqana
 26611 | Lair:3   | Learned a level 4 spell: Cause Fear
 26724 | Lair:3   | Found a staircase to the Snake Pit.
 28490 | Lair:5   | Reached skill level 10 in Short Blades
 28490 | Lair:5   | Reached skill level 10 in Long Blades
 28490 | Lair:5   | Reached skill level 10 in Maces & Flails
 28490 | Lair:5   | Reached skill level 10 in Polearms
 28490 | Lair:5   | Reached skill level 10 in Staves
 28490 | Lair:5   | Reached skill level 10 in Slings
 28490 | Lair:5   | Reached skill level 10 in Bows
 28490 | Lair:5   | Reached skill level 10 in Throwing
 28490 | Lair:5   | Reached skill level 10 in Armour
 28490 | Lair:5   | Reached skill level 10 in Shields
 28490 | Lair:5   | Reached skill level 10 in Spellcasting
 28490 | Lair:5   | Reached skill level 10 in Evocations
 28613 | Lair:5   | Found a staircase to the Slime Pits.
 29513 | Lair:6   | Entered Level 6 of the Lair of Beasts
 29853 | Lair:6   | Identified the +11 spear "Lorem Ipsum" {vorpal, rElec rC+
                  | rN+}
 29890 | Lair:6   | Reached skill level 14 in Stealth
 30071 | Lair:6   | Found a burning altar of Makhleb.
 30300 | Lair:6   | Found a gateway to Hell.
 30882 | Lair:6   | Reached XP level 16. HP: 108/114 MP: 23/30
 31143 | Snake:1  | Entered Level 1 of the Snake Pit
 31324 | Snake:1  | Found Waatzadu's Armour Shoppe.
 32251 | Snake:1  | HP: 2/114 [shock serpent/bolt of electricity (13)]
 34415 | Snake:2  | Learned a level 5 spell: Freezing Cloud
 34701 | Snake:2  | Reached skill level 15 in Stealth
 35086 | Snake:2  | Noticed Vashnia
 36225 | Snake:2  | Killed Vashnia
 36912 | Snake:3  | Noticed Mara
 37498 | Snake:2  | Noticed jlumianski's illusion
 37528 | Snake:2  | Killed Mara
 37529 | Snake:2  | Reached XP level 17. HP: 82/121 MP: 25/32
 39408 | Snake:3  | Noticed Donald
 39420 | Snake:3  | Killed Donald
 39635 | Snake:4  | Entered Level 4 of the Snake Pit
 39704 | Snake:4  | Found Weqibum's Self-Improvement Boutique.
 40293 | Snake:4  | Reached skill level 10 in Conjurations
 40293 | Snake:4  | Reached skill level 10 in Hexes
 40293 | Snake:4  | Reached skill level 10 in Summonings
 40293 | Snake:4  | Reached skill level 10 in Necromancy
 40293 | Snake:4  | Reached skill level 10 in Translocations
 40293 | Snake:4  | Reached skill level 10 in Transmutations
 40293 | Snake:4  | Reached skill level 10 in Fire Magic
 40293 | Snake:4  | Reached skill level 10 in Ice Magic
 40293 | Snake:4  | Reached skill level 10 in Air Magic
 40293 | Snake:4  | Reached skill level 10 in Earth Magic
 40293 | Snake:4  | Reached skill level 10 in Poison Magic
 41538 | Snake:4  | Reached skill level 16 in Stealth
 42559 | Snake:4  | Reached XP level 18. HP: 128/128 MP: 13/33
 42804 | Snake:3  | Learned a level 6 spell: Statue Form
 43370 | Snake:4  | Got a serpentine rune of Zot
 44188 | D:10     | Acquired a +3 spectral lajatang
 44271 | Swamp:1  | Entered Level 1 of the Swamp
 44852 | Swamp:1  | Found a transporter.
 44855 | Swamp:1  | Noticed BiteMe's ghost (journeyman MiAK)
 44876 | Swamp:1  | Noticed a tentacled monstrosity
 44898 | Swamp:1  | Found a transporter.
 45830 | Swamp:1  | Killed BiteMe's ghost
 46064 | Swamp:1  | Killed a tentacled monstrosity
 46435 | Swamp:2  | Noticed Louise
 46448 | Swamp:2  | Killed Louise
 47042 | Swamp:3  | Reached skill level 15 in Crossbows
 47042 | Swamp:3  | Reached skill level 15 in Unarmed Combat
 47214 | Snake:4  | Bought a manual of Fighting for 1440 gold pieces
 47644 | Swamp:3  | Demolished by an alligator

Illustrated notes

Levels and vault maps discovered:
D:1:      dpeg_arrival_more_subterranean_lakeside_camping, layout_basic,
          dreamdust_ecumenical_altar_drowned_temple
D:2:      layout_loops_ring, serial_shops, nicolae_shop_behind_doors,
          minmay_misc_feat_nine_boxes, kennysheep_generic_room_7
D:3:      layout_basic, nicolae_dithmenos_the_darkroom
D:4:      corexii_shack_village, layout_rooms
D:5:      layout_loops_ring, minmay_manual_mail, uniq_grinder
D:6:      layout_layer_cave, temple_fountains, uniq_prince_ribbit1, uniq_maggie
D:7:      layout_basic, hex_tiny, nicolae_take_the_stairs, nrook_mini_vaults,
          st_stairs_7, uniq_harold, uniq_joseph
D:8:      layout_cave_pools, mainiacjoe_overflow_tiny_flanked,
          kennysheep_mini_moat, minmay_overflow_temple_hex,
          gammafunk_ghost_berserking_beasts, serial_column_ruins,
          column_ruins_open_tiny, column_ruins_grid_3,
          column_ruins_corridor_dead_end, column_ruins_open_medium,
          column_ruins_open_tiny, column_ruins_columns_corner
D:9:      layout_roguey, uniq_erica
D:10:     layout_irregular_city, david_lair_shrubbed, serial_shops,
          nicolae_shop_statue_plus, gammafunk_ghost_mausoleum,
          serial_column_ruins, column_ruins_hut, column_ruins_hut,
          column_ruins_corridor_dead_end, column_ruins_grid_1,
          column_ruins_grid_1, column_ruins_columns_straight,
          column_ruins_open_tiny, nicolae_alphabet_shops, uniq_nergalle
D:11:     layout_roguey, david_orc_2, serial_shops, shop, uniq_erolcha
D:12:     minmay_the_grid_square_5x5_3x3 [minmay_the_grid_square_5x5_spiral,
          minmay_the_grid_square_5x5_trominoes,
          minmay_the_grid_square_5x5_inner_i,
          minmay_the_grid_square_5x5_almost_minimal,
          minmay_the_grid_square_5x5_megaprize_open,
          minmay_the_grid_square_5x5_shrine1,
          minmay_the_grid_square_5x5_two_small,
          minmay_the_grid_square_5x5_eight,
          minmay_the_grid_square_5x5_intrusive_squares], layout_layer_cave,
          lemuel_freeze_loot_1, uniq_psyche, uniq_gastronok
D:13:     layout_roguey, lightli_airlock, uniq_frances
Temple:   nicolae_temple_god_jail
Lair:1:   layout_gridlike, minmay_lair_oklob_chamber
Lair:2:   layout_chaotic_city, skrybe_swamp_entry_bodies
Lair:3:   kb_forest_paths, layout_long_grid, nicolae_quartered_pool_little,
          uniq_snorg
Lair:4:   layout_regular_city, patterned_corridor
Lair:5:   layout_regular_city, minmay_slime_entry_pillars, serial_bayou,
          serial_bayou_lake_a, serial_bayou_lagoon_a, serial_bayou_ford_a,
          serial_bayou_pond_b, serial_bayou_pond_b, serial_bayou_pond_d,
          lemuel_fruit_tree
Lair:6:   evil_forest, layout_long_grid, grunt_megastairs_3
Swamp:1:  layout_basic_swamp, gammafunk_ghost_arena, nicolae_swamp_fairy_circle,
          infiniplex_staircase_pool_2
Swamp:2:  layout_falls_marsh, nicolae_swamp_rocky_clearing,
          infiniplex_staircase_pool, uniq_louise
Swamp:3:  layout_falls_marsh, serial_swamp_ruin, evilmike_swamp_ruin_house_2,
          hangedman_swamp_ruin_wall, evilmike_swamp_ruin_house_1, swamp_pool1,
          cheibrodos_swamp_pet_leeches
Snake:1:  layout_grid_maze, serial_shops, nicolae_shop_statue_plus
Snake:2:  nicolae_snake_nest, layout_layer_cave, serial_bayou_pond_e,
          uniq_vashnia
Snake:3:  layout_misc_corridors, uniq_mara, uniq_donald
Snake:4:  grunt_snake_rune_spirals, layout_concentric_octagons,
          nicolae_snake_snake_lake, nicolae_shop_self_help
Orc:1:    cheibrodos_orc_bank, layout_diamond_mine, serial_shops,
          nicolae_shop_trees, hellmonk_guarded_unrand_dark_maul
Orc:2:    grunt_orc_tribal_feast, layout_diamond_mine, elves_outpost_lemuel,
          uniq_saint_roka

Skill      XL: |  1  2  3  4  5  6  7  8  9 10 11 12 13 14 15 16 17 18 |
---------------+-------------------------------------------------------+-----
Invocations    | 1 2 3 4 5 6 7 8 9 10 11 12 13 | 13.3
Short Blades   | 1 2 3 4 5 6 7 8 9 10 11 12 | 12.3
Long Blades    | 1 2 3 4 5 6 7 8 9 10 11 12 | 12.4
Maces & Flails | 1 2 3 4 5 6 7 8 9 10 11 12 | 12.3
Polearms       | 1 2 3 4 5 6 7 8 9 10 11 12 | 12.3
Staves         | 1 2 3 4 5 6 7 8 9 10 11 12 | 12.3
Slings         | 1 2 3 4 5 6 7 8 9 10 11 12 | 12.3
Bows           | 1 2 3 4 5 6 7 8 9 10 11 12 | 12.3
Crossbows      | 1 2 3 4 5 6 7 9 10 12 13 14 15 | 15.0
Throwing       | 1 2 3 4 5 6 7 8 9 10 11 12 | 12.3
Armour         | 1 2 3 4 5 6 7 8 9 10 11 12 | 12.3
Shields        | 1 2 3 4 5 6 7 8 9 10 11 12 | 12.3
Unarmed Combat | 1 2 3 4 5 6 7 9 10 12 13 14 15 | 15.0
Spellcasting   | 1 2 3 4 5 6 7 8 9 10 11 12 | 12.3
Evocations     | 1 2 3 4 5 6 7 8 9 10 11 12 | 12.3
Conjurations   | 1 2 3 4 5 6 7 8 9 10 | 10.6
Hexes          | 1 2 3 4 5 6 7 8 9 10 | 10.6
Summonings     | 1 2 3 4 5 6 7 8 9 10 | 10.6
Necromancy     | 1 2 3 4 5 6 7 8 9 10 | 10.6
Translocations | 1 2 3 4 5 6 7 8 9 10 | 10.6
Transmutations | 1 2 3 4 5 6 7 8 9 10 | 10.6
Fire Magic     | 1 2 3 4 5 6 7 8 9 10 | 10.6
Ice Magic      | 1 2 3 4 5 6 7 8 9 10 | 10.6
Air Magic      | 1 2 3 4 5 6 7 8 9 10 | 10.6
Earth Magic    | 1 2 3 4 5 6 7 8 9 10 | 10.6
Poison Magic   | 1 2 3 4 5 6 7 8 9 10 | 10.6
Fighting       | 7 8 9 10 11 12 13 | 13.7
Axes           | 7 8 9 10 11 12 13 | 13.7
Dodging        | 7 8 9 10 11 12 13 | 13.7
Stealth        | 5 6 7 8 10 11 12 13 14 15 16 | 16.8

Action                   |  1- 3 |  4- 6 |  7- 9 | 10-12 | 13-15 | 16-18 || total
-------------------------+-------+-------+-------+-------+-------+-------++-------
Melee: Hand axe          |   130 |   139 |       |       |       |       ||   269
       Bite              |     8 |    24 |    20 |    34 |    54 |    84 ||   224
       Broad axe         |       |   110 |   216 |   292 |   411 |    78 ||  1107
       Spear             |       |       |       |       |       |   409 ||   409
       Lajatang          |       |       |       |       |       |    74 ||    74
       Rapier            |       |       |       |       |       |    25 ||    25
       Maul              |       |       |       |       |       |     5 ||     5
       Punch             |       |       |       |       |       |     4 ||     4
Throw: Dart              |       |    21 |    10 |       |     1 |       ||    32
       Boomerang         |       |       |     6 |    25 |    75 |    66 ||   172
 Cast: Sting             |       |       |    21 |    33 |     4 |       ||    58
       Pain              |       |       |       |     6 |     5 |       ||    11
       Summon Guardian G |       |       |       |    43 |    55 |     2 ||   100
       Call Canine Famil |       |       |       |    44 |    87 |    25 ||   156
       Summon Ice Beast  |       |       |       |       |    67 |   100 ||   167
       Hailstorm         |       |       |       |       |    14 |    17 ||    31
       Inner Flame       |       |       |       |       |    24 |    33 ||    57
       Freezing Cloud    |       |       |       |       |       |    16 ||    16
       Cause Fear        |       |       |       |       |       |     4 ||     4
       Passwall          |       |       |       |       |       |     2 ||     2
       Statue Form       |       |       |       |       |       |    17 ||    17
Invok: Ancestor Life: Ba |       |       |       |     1 |       |       ||     1
       Recall Ancestor   |       |       |       |     3 |     8 |    10 ||    21
Evoke: Wand              |       |       |       |     8 |     2 |       ||    10
       Lightning rod     |       |       |       |       |     2 |     6 ||     8
       Tin of tremorston |       |       |       |       |       |     1 ||     1
  Use: Scroll            |     1 |     2 |     4 |    12 |     6 |    13 ||    38
       Potion            |       |     2 |     2 |     4 |     8 |     5 ||    21
 Stab: Sleeping          |     6 |       |       |       |    16 |    13 ||    35
       Distracted        |       |       |       |     6 |    12 |    23 ||    41
Armor: Robe              |    15 |       |       |       |       |       ||    15
       Chain mail        |    15 |   115 |    37 |       |       |       ||   167
       Ring mail         |       |       |    54 |    90 |    89 |   176 ||   409
       Skin              |       |       |       |       |     1 |    66 ||    67
Dodge: Dodged            |    87 |   102 |   173 |   210 |   333 |   328 ||  1233
Block: Buckler           |       |    63 |   140 |   185 |   322 |   368 ||  1078
       Reflection        |       |     1 |     8 |    13 |    23 |    74 ||   119
       Other             |       |       |       |       |       |    34 ||    34
